 Dungeon Crawl Stone Soup version 0.26.1-2-gb8aa6d0cf2 (webtiles) character file.

Game seed: 13869120071214393764

678 FishyPogo the Grave Robber (level 7, -5/54 HPs)
             Began as a Demonspawn Necromancer on Mar 1, 2021.
             Slain by Duvessa
             ... wielding a +0 rapier
              (10 damage)
             ... on level 4 of the Dungeon.
             The game lasted 00:18:16 (4512 turns).

FishyPogo the Grave Robber (Demonspawn Necromancer) Turns: 4512, Time: 00:18:17

Health: -5/54      AC:  3    Str:  8    XL:     7   Next: 34%
Magic:  1/12       EV: 14    Int: 18    God:
Gold:   139        SH:  0    Dex: 14    Spells: 8/13 levels left

rFire    . . .     SeeInvis .   t - +3 dagger
rCold    . . .     Faith    .   (no shield)
rNeg     . . .     Spirit   .   a - +0 robe
rPois    .         Reflect  .   (helmet restricted)
rElec    .         Harm     .   (no cloak)
rCorr    .         Rampage  .   f - +0 pair of gloves
Will     .....                  (no boots)
Stlth    ++........             j - amulet of inaccuracy (curse)
HPRegen  0.18/turn              (no ring)
MPRegen  0.13/turn              (no ring)

@: no status effects
A: horns 1, repulsion field 1, demonic guardian 1
a: no special abilities


You were on level 4 of the Dungeon.
You visited 1 branch of the dungeon, and saw 4 of its levels.

You collected 139 gold pieces.

Inventory:

Hand Weapons
 b - a +0 short sword
 t - a +3 dagger (weapon)
Missiles
 c - 52 stones
 m - 16 poisoned darts (quivered)
Armour
 a - a +0 robe (worn)
 f - a +0 pair of gloves (worn)
Jewellery
 j - a cursed amulet of inaccuracy (around neck)
Wands
 i - a wand of disintegration (16)
 k - a wand of acid (9)
Scrolls
 e - 4 scrolls of identify
 h - a scroll of amnesia
 l - a scroll of blinking {unknown}
 n - a scroll of enchant armour {unknown}
 o - 2 scrolls of immolation {unknown}
Potions
 d - a potion of cancellation {unknown}
 g - 3 potions of heal wounds
 p - a potion of lignification {unknown}
 q - a potion of magic {unknown}
 r - a potion of berserk rage {unknown}
 s - 2 potions of flight {unknown}
 u - 2 potions of mutation {unknown}


   Skills:
 * Level 4.0 Fighting
 + Level 1.4 Short Blades
 - Level 2.0 Dodging
 - Level 2.0 Stealth
 + Level 3.8 Spellcasting
 * Level 7.2 Necromancy


You had 8 spell levels left.
You knew the following spells:

 Your Spells              Type           Power        Failure   Level
a - Pain                  Necr           100%         1%          1
c - Vampiric Draining     Necr           14%          2%          3
y - Animate Skeleton      Necr           58%          1%          1

Your spell library contained the following spells:

 Spells                   Type           Power        Failure   Level
 Animate Dead             Necr           14%          8%          4
 Agony                    Necr           29%          22%         5


Dungeon Overview and Level Annotations

Branches:
Dungeon (4/15)
 Temple: D:4-7

Altars:
Ru
The Shining One

Shops:
D:4 ?

Annotations:
D:4 Duvessa


Innate Abilities, Weirdness & Mutations

You have a pair of small horns on your head.
You are surrounded by a mild repulsion field. (EV +2)
A weak demonic guardian rushes to your aid.


Message History

Your Fighting skill increases to level 4!
Casting: Vampiric Draining (dangerous; 2% risk of failure)
Confirm with . or Enter, or press ? or * to list all spells.
Aiming: Vampiric Draining (dangerous; 2% risk of failure)
Press: ? - help, Shift-Dir - straight line, f/p - Duvessa
Aim: Duvessa, wielding a +0 rapier and wearing a +0 leather armour (heavily wounded, berserk) Duvessa is severely wounded.
You feel life coursing into your body.
Your ufetubus disappears in a puff of smoke!
Duvessa hits you with a +0 rapier! Duvessa misses you.
Casting: Vampiric Draining (dangerous; 2% risk of failure)
Confirm with . or Enter, or press ? or * to list all spells.
Aiming: Pain (safe; 1% risk of failure)
Press: ? - help, Shift-Dir - straight line, f/p - Duvessa
Aim: Duvessa, wielding a +0 rapier and wearing a +0 leather armour (severely wounded, berserk, chance to affect: 71%) Duvessa writhes in agony!
Duvessa hits you with a +0 rapier!!
* * * LOW HITPOINT WARNING * * *
Sigmund barely misses Duvessa.
Duvessa hits you with a +0 rapier!
You die...

###..........#.........
####...#..###.8.##........
.).....#...##...##........
..........##....##.[......
........##....##........
#.....##....##........
##5Z.###.#.##.........
###.....................
#∩.∩..e@..#...###.......
#..........##..# #.......
#.∩.∩..........###.....†.
#.?........!..##.....)...
#######.......##.........
###....##..........
#................
#................
#...........


You could see Duvessa (berserk), a friendly ufetubus (summoned) and the friendly
Sigmund the human skeleton.

Vanquished Creatures
  Grinder (D:3)
  An ogre (D:4)
  A scorpion (D:4)
  A hound (D:4)
  3 adders (D:2)
  2 worms
  4 dart slugs
  4 leopard geckos
  12 bats
  2 giant cockroaches
  9 goblins
  7 hobgoblins
  11 jackals
  A quokka (D:4)
  4 ball pythons
  3 frilled lizards
  11 kobolds
  10 rats
87 creatures vanquished.

Vanquished Creatures (collateral kills)
  Sigmund (D:4)
  An ogre (D:4)
  Dowan (D:4)
  A ball python (D:3)
  A bat (D:1)
  A giant cockroach (D:4)
6 creatures vanquished.

Grand Total: 93 creatures vanquished

Notes
Turn   | Place    | Note
-------+----------+-------------------------------------------
     0 | D:1      | FishyPogo the Demonspawn Necromancer began the quest for
                  | the Orb.
     0 | D:1      | Reached XP level 1. HP: 13/13 MP: 3/3
   487 | D:1      | Gained mutation: You are surrounded by a mild repulsion
                  | field. (EV +2) [demonic ancestry]
   487 | D:1      | Reached XP level 2. HP: 16/20 MP: 1/5
   595 | D:1      | You fall into a shaft and drop 1 floor!
   595 | D:2      | Found a sacrificial altar of Ru.
   950 | D:1      | Learned a level 1 spell: Animate Skeleton
  1002 | D:1      | Reached skill level 1 in Fighting
  1282 | D:1      | Reached XP level 3. HP: 18/26 MP: 1/6
  1299 | D:1      | Learned a level 3 spell: Vampiric Draining
  1525 | D:1      | Reached skill level 5 in Necromancy
  2125 | D:2      | Gained mutation: A weak demonic guardian rushes to your
                  | aid. [demonic ancestry]
  2125 | D:2      | Reached XP level 4. HP: 20/32 MP: 0/7
  3253 | D:3      | Noticed Grinder
  3286 | D:3      | Killed Grinder
  3287 | D:3      | Reached skill level 6 in Necromancy
  3287 | D:3      | Reached XP level 5. HP: 15/39 MP: 9/9
  3287 | D:3      | Gained mutation: You have a pair of small horns on your
                  | head. [demonic ancestry]
  3287 | D:3      | Reached XP level 6. HP: 18/46 MP: 10/10
  4177 | D:3      | Found a glowing golden altar of the Shining One.
  4343 | D:4      | Reached skill level 1 in Short Blades
  4351 | D:4      | Reached XP level 7. HP: 44/52 MP: 3/12
  4450 | D:4      | Reached skill level 7 in Necromancy
  4472 | D:4      | Noticed Sigmund
  4491 | D:4      | Killed Sigmund
  4493 | D:4      | Noticed Dowan
  4496 | D:4      | Found Mimy's Magic Scroll Shop.
  4496 | D:4      | Noticed Duvessa
  4509 | D:4      | Killed Dowan
  4512 | D:4      | Slain by Duvessa

Illustrated notes

Levels and vault maps discovered:
D:1:      dpeg_arrival_concentric_ovals, layout_basic, minmay_misc_feat_roman
D:2:      layout_loops_ring, nicolae_ru_great_annihilating_truth,
          minmay_tetromino_s4
D:3:      layout_loops_ring, nicolae_tso_swordbearing_angel, glass_columns_b,
          uniq_grinder
D:4:      layout_cave_pools, serial_shops,
          nicolae_shop_competitors_out_of_business, serial_column_ruins,
          column_ruins_grid_4, column_ruins_corridor_straight,
          column_ruins_columns_dead_end, column_ruins_columns_corner,
          column_ruins_open_small, column_ruins_open_tiny,
          column_ruins_open_small, uniq_duvessa, uniq_sigmund

Skill      XL: |  1  2  3  4  5  6  7 |
---------------+----------------------+-----
Dodging        | 2 |  2.0
Stealth        | 2 |  2.0
Fighting       | 1 2 3 4 |  4.0
Necromancy     | 5 6 7 |  7.2
Spellcasting   | 3 |  3.8
Short Blades   | 1 |  1.4

Action                   |  1- 3 |  4- 6 |  7- 9 || total
-------------------------+-------+-------+-------++-------
Melee: Short sword       |    85 |    68 |       ||   153
       Unarmed           |     1 |       |       ||     1
       Dagger            |       |     4 |     5 ||     9
       Headbutt          |       |     4 |     1 ||     5
Throw: Dart              |       |     2 |       ||     2
 Cast: Pain              |    51 |    67 |    13 ||   131
       Animate Skeleton  |    16 |    14 |     1 ||    31
       Vampiric Draining |     2 |     2 |     2 ||     6
Evoke: Wand              |       |     2 |       ||     2
  Use: Scroll            |       |     3 |       ||     3
 Stab: Sleeping          |     1 |     2 |       ||     3
Armor: Robe              |    25 |    23 |     3 ||    51
Dodge: Dodged            |   100 |    74 |     7 ||   181
